Description

.

Replay - JuppiJuppsen v masakieinz - Catalyst LE

Build Order

Get SALT Encoding   

  12  0:01  SCV  
  13  0:13  SCV  
  14  0:22  Supply Depot  
  14  0:25  SCV  
  15  0:29  Refinery  
  15  0:45  Barracks  
  15  0:48  SCV  
  16  1:00  SCV  
  17  1:12  SCV  
  18  1:24  SCV  
  19  1:38  Orbital Command  
  19  1:39  Reaper  
  20  1:57  Command Center  
  20  2:12  Barracks Reactor  
  20  2:14  Factory  
  20  2:20  Supply Depot  
  20  2:27  SCV  
  21  2:34  Refinery  
  21  2:39  SCV  
  22  2:52  SCV  
  24  3:09  Hellion x2  
  24  3:12  Orbital Command  
  28  3:15  Barracks Tech Lab  
  28  3:20  Starport  
  29  3:31  Hellion x2  
  36  3:59  Command Center  
  36  4:09  Cloaking Field  
  36  4:11  Viking  
  38  4:19  Hellion x2  
  38  4:20  Supply Depot  
  40  4:41  Hellion x2, Banshee  
  40  4:45  Supply Depot  
  42  5:02  Hellion x2  
  47  5:09  Factory  
  47  5:22  Orbital Command, Supply Depot  
  47  5:27  Refinery  
  49  5:41  Armory  
  55  5:44  Engineering Bay  
  57  5:52  Factory Tech Lab  
  57  5:54  Banshee  
  70  6:27  Siege Tank  
  74  6:34  Factory x2  
  74  6:35  Armory  
  74  6:36  Banshee  
  77  6:48  Refinery  
  77  6:52  Sensor Tower  
  82  7:22  Infernal Pre-Igniter  
  82  7:24  Factory Reactor, Command Center, Factory Tech Lab  
  82  7:31  Terran Vehicle Weapons Level 1  
  82  7:48  Orbital Command  
  82  7:56  Siege Tank  
  82  7:57  Refinery x2  
  89  8:02  Sensor Tower  
  93  8:06  Terran Vehicle And Ship Armor Level 1  
  103  8:45  Siege Tank x2  
  115  9:04  Orbital Command, Factory x2  
  107  9:17  Siege Tank x2  
  113  9:26  Command Center  
  103  9:47  Raven  
  103  9:50  Siege Tank x2  
  117  9:56  Factory Reactor  
  117  9:57  Factory Tech Lab  
Spawning Tool Build Advisor. Get it on Overwolf

Go to:

Details

  • Created by: Raiby
  • Published on: Feb 16, 2018
  • Modified on: Feb 16, 2018
  • Patch: 4.0.0
Show
View Real Time Build Order
Export as new Build Order

Comments (0)

There are no comments. Be the first!

Create an account to comment!